Map: Pylon LE

Players

EZHOWWW - Winner!

  • Race: Protoss Protoss
  • League: Diamond
  • Spawn Location: 5:00

ManlyManMeat

  • Race: Zerg Zerg
  • League: Diamond
  • Spawn Location: 11:00

VOD

Have the link to the VOD?

Description

Time

  • Played on: July 3, 2025, 2:03 p.m.
  • Length: 12:11
Show
View Real Time Build Order
Export as new Build Order

EZHOWWW Protoss - Winner!

Build Orders: 1 Gate Expand 

Get SALT Encoding   

  12  0:02  Probe  
  13  0:14  Probe  
  14  0:21  Pylon  
  14  0:26  Probe  
  15  0:39  Probe  
  16  0:44  Gateway  
  16  0:51  Probe  
  17  0:58  Assimilator  
  17  1:03  Probe  
  18  1:15  Probe  
  18  1:27  Probe  
  18  1:29  Nexus  
  19  1:41  Cybernetics Core  
  19  1:47  Assimilator  
  19  1:53  Pylon  
  19  1:58  Probe  
  20  2:07  Stalker  
  20  2:11  Probe  
  21  2:22  Warp Gate  
  23  2:25  Gateway  
  24  2:30  Probe  
  24  2:36  Adept  
  26  2:45  Probe x2  
  28  2:53  Probe x2  
  30  3:02  Probe  
  30  3:17  Twilight Council  
  30  3:20  Probe x2  
  30  3:26  Adept  
  34  3:27  Adept  
  34  3:32  Probe x2  
  38  3:44  Probe x2  
  38  3:45  Resonating Glaives  
  38  3:47  Adept  
  40  3:48  Pylon, Adept  
  40  3:56  Probe x2  
  46  4:08  Probe  
  46  4:09  Probe  
  48  4:10  Gateway  
  48  4:11  Gateway  
  48  4:14  Pylon  
  48  4:29  Adept x2  
  52  4:35  Pylon  
  52  4:50  Pylon  
  52  4:53  Adept x2  
  52  4:56  Pylon  
  56  5:05  Adept  
  56  5:06  Adept  
  60  5:23  Probe  
  60  5:25  Assimilator  
  60  5:26  Assimilator, Nexus  
  61  5:28  Pylon  
  61  5:32  Pylon  
  61  5:45  Adept x4  
  57  6:15  Shield Battery  
  53  6:19  Forge  
  53  6:21  Probe x2, Robotics Facility  
  49  6:33  Probe x2  
  51  6:45  Probe x2  
  53  6:49  Protoss Ground Weapons Level 1  
  53  6:53  Probe  
  47  6:54  Probe  
  47  6:55  Blink  
  47  6:57  Probe  
  47  7:00  Stalker x4  
  56  7:01  Probe  
  56  7:02  Probe  
  58  7:09  Probe  
  58  7:10  Shield Battery  
  58  7:11  Probe  
  58  7:12  Probe, Photon Cannon  
  58  7:14  Pylon  
  61  7:16  Photon Cannon  
  61  7:19  Shield Battery  
  61  7:21  Pylon, Probe  
  62  7:23  Probe  
  62  7:24  Probe, Sentry  
  62  7:25  Sentry x2  
  62  7:26  Sentry  
  72  7:33  Probe  
  72  7:35  Probe  
  74  7:42  Probe  
  74  7:43  Zealot  
  77  7:45  Stalker  
  77  7:46  Probe  
  77  7:47  Probe  
  81  7:53  Assimilator  
  81  7:54  Probe  
  81  7:55  Observer, Assimilator  
  81  7:57  Stalker x2, Photon Cannon  
  81  7:58  Probe  
  88  8:08  Warp Prism  
  88  8:10  Stalker x2  
  94  8:29  Stalker x2  
  98  8:40  Gateway  
  98  8:41  Gateway  
  98  8:43  Gateway  
  98  8:44  Immortal  
  98  8:45  Gateway  
  102  8:49  Gateway  
  102  8:52  Gateway  
  102  8:54  Gateway  
  102  8:56  Gateway  
  102  9:00  Stalker x4  
  110  9:07  Pylon  
  110  9:08  Nexus  
  100  9:11  Pylon  
  100  9:13  Protoss Ground Weapons Level 2  
  92  9:20  Photon Cannon  
  92  9:22  Photon Cannon  
  88  9:29  Probe x3  
  91  9:37  Templar Archives  
  91  9:41  Probe x3  
  91  9:43  Stalker  
  91  9:44  Stalker x5  
  106  9:46  Stalker  
  107  10:04  Nexus  
  107  10:08  Pylon  
  107  10:09  Pylon  
  107  10:11  Robotics Bay  
  107  10:13  Pylon  
  107  10:16  Stalker x3  
  107  10:18  Stalker  
  115  10:24  Adept x5  
  120  10:53  Adept x6  
  120  10:54  Adept x2  
  123  11:20  Stalker x4  
  123  11:21  Stalker x5  
  123  11:22  Stalker x3  
  123  11:23  Probe  
  123  11:25  Probe  
  140  11:26  Probe  
  140  11:27  Probe  
  140  11:31  Probe  
  143  11:37  Probe  
  143  11:38  Probe  
  142  11:46  Observer  
  126  11:49  Assimilator  
  126  11:53  Assimilator, Photon Cannon  
  127  11:55  Shield Battery  
  127  11:56  Photon Cannon  
  127  12:06  Adept x5  
Show
View Real Time Build Order
Export as new Build Order

ManlyManMeat Zerg 

Build Orders: Hatch First 

Get SALT Encoding   

  12  0:00  Drone  
  13  0:08  Drone  
  14  0:15  Extractor  
  14  0:16  Drone  
  15  0:33  Overlord  
  15  0:44  Hatchery  
  14  0:51  Drone x2  
  14  0:55  Drone  
  17  1:03  Drone  
  18  1:10  Extractor  
  17  1:23  Spawning Pool  
  16  1:29  Drone x2  
  18  1:40  Drone  
  18  1:45  Drone  
  20  1:58  Drone x2  
  22  2:10  Queen x2  
  22  2:13  Zergling x2  
  22  2:14  Zergling x2  
  28  2:25  Overlord  
  28  2:28  Metabolic Boost  
  28  2:34  Overlord  
  28  2:45  Drone x2  
  28  2:46  Drone x2  
  32  3:10  Hatchery  
  30  3:13  Queen  
  30  3:15  Drone x5  
  30  3:17  Drone  
  38  3:30  Queen  
  40  3:38  Drone  
  40  3:39  Drone x2  
  40  3:40  Overlord  
  43  3:41  Overlord  
  43  3:51  Overlord  
  43  4:12  Extractor  
  43  4:13  Drone x3  
  43  4:14  Baneling Nest, Drone x2  
  43  4:15  Drone  
  43  4:16  Evolution Chamber  
  46  4:26  Drone x3  
  46  4:28  Drone x2  
  46  4:29  Drone x2  
  53  4:38  Lair  
  53  4:41  Drone x2  
  53  4:42  Drone x3, Extractor  
  53  4:45  Drone x2  
  59  4:46  Extractor  
  58  4:56  Queen  
  58  4:58  Spore Crawler  
  59  5:00  Spore Crawler  
  59  5:01  Spore Crawler  
  57  5:13  Zerg Melee Weapons Level 1  
  57  5:16  Drone x2  
  57  5:17  Zergling x14  
  57  5:19  Hatchery, Overlord  
  57  5:20  Overlord x2  
  64  5:35  Zergling x10  
  58  5:43  Zergling x4  
  55  5:51  Zergling x6  
  54  6:03  Zergling x6  
  49  6:15  Zergling x2  
  49  6:16  Zergling x4  
  46  6:27  Baneling  
  46  6:28  Baneling x8  
  45  6:38  Zergling x12  
  48  6:43  Centrifugal Hooks  
  43  6:55  Drone x3  
  43  6:56  Drone x2  
  43  6:59  Baneling x2  
  47  7:11  Drone x8  
  55  7:27  Zergling x16  
  63  7:38  Drone x6  
  69  7:48  Zerg Ground Armor Level 1  
  69  7:50  Drone x3  
  72  7:58  Zergling x14  
  70  8:26  Overlord  
  63  8:28  Zergling x2  
  63  8:29  Zergling x34  
  63  8:33  Queen  
  85  8:37  Baneling x11  
  81  9:10  Zergling x2  
  81  9:12  Overlord  
  81  9:13  Overlord x3  
  77  9:23  Baneling x9  
  75  9:33  Zergling x26  
  75  9:34  Zergling x10  
  75  9:35  Hatchery  
  92  9:40  Hatchery  
  88  10:03  Zergling x2  
  88  10:04  Zergling x26  
  96  10:12  Drone x3  
  99  10:20  Baneling x5  
  99  10:21  Baneling x3  
  99  10:27  Hatchery  
  82  10:52  Zergling x36  
  99  11:00  Queen  
  99  11:01  Drone x6  
  65  11:46  Drone x7  
  65  11:51  Spawning Pool  
  43  12:09  Spawning Pool  
Tags
 
Add a new tag
Caveats
  • Supply blocks, unpowered buildings, or Contaminate may cause inaccurate times.
  • Supply counts are checked every 10 seconds.